 Dungeon Crawl Stone Soup version 0.27-a0-334-g52645efa06 (webtiles) character file.

Game seed: 9819433494662450092

359 wakim the Insei (level 6, 0/39 HPs)
             Began as an Octopode Transmuter on Feb 13, 2021.
             Succumbed to a kobold's poison
             ... on level 2 of the Dungeon.
             The game lasted 00:07:49 (3525 turns).

wakim the Insei (Octopode Transmuter)               Turns: 3525, Time: 00:07:49

Health: 0/39       AC:  1    Str:  9    XL:     6   Next: 65%
Magic:  9/10       EV: 14    Int: 18    God:
Gold:   169        SH:  0    Dex: 12    Spells: 7/11 levels left

rFire    . . .     SeeInvis .     - Unarmed
rCold    . . .     Faith    .   (no shield)
rNeg     . . .     Spirit   .   (helmet restricted)
rPois    .         Reflect  .   (no amulet)
rElec    .         Harm     .   (no ring)
rCorr    .         Rampage  .   (no ring)
Will     .....                  (no ring)
Stlth    +++.......             (no ring)
HPRegen  0.13/turn              (no ring)
MPRegen  0.12/turn              (no ring)
                                (no ring)
                                (no ring)

@: lethally poisoned (0 -> -3), very slightly contaminated, invisible
A: almost no armour, stealthy swim, amphibious, 8 rings, constrict 8, camouflage
1, gelatinous body 1, no potion heal 1
a: no special abilities


You were on level 2 of the Dungeon.
You visited 1 branch of the dungeon, and saw 3 of its levels.

You collected 169 gold pieces.

Inventory:

Scrolls
 b - 2 scrolls of teleportation {unknown}
 c - a scroll of random uselessness {unknown}
 e - a scroll of identify {unknown}


   Skills:
 + Level 1.8 Fighting
 * Level 3.1 Dodging
 + Level 1.9 Stealth
 * Level 4.6 Unarmed Combat
 + Level 3.0 Spellcasting
 * Level 4.0 Transmutations


You had 7 spell levels left.
You knew the following spells:

 Your Spells              Type           Power        Failure   Level
a - Beastly Appendage     Tmut           34%          3%          1
b - Spider Form           Tmut/Pois      4%           22%         3

Your spell library contained the following spells:

 Spells                   Type           Power        Failure   Level
 Wereblood                Tmut           17%          4%          2
 Ice Form                 Ice/Tmut       9%           56%         4
 Blade Hands              Tmut           8%           65%         5


Dungeon Overview and Level Annotations

Branches:
Dungeon (3/15)

Altars:
Ashenzari


Innate Abilities, Weirdness & Mutations

You cannot wear most types of armour.
You are very stealthy in the water. (Stealth+)
You are amphibious.
You can wear up to eight rings at the same time.
You can use your tentacles to constrict eight enemies at once.
Your skin changes colour to match your surroundings (Stealth+).
Your rubbery body absorbs attacks. (AC +1, EV +1)
Potions are less effective at restoring your health.


Message History

The centaur is heavily wounded.
The centaur closely misses you.
You hit the centaur.
The centaur looks as sick as possible!
The centaur is almost dead.
You kill the centaur!
Your Dodging skill increases to level 3!
Your Spellcasting skill increases to level 3!
Your Transmutations skill increases to level 4!
The kobold throws a poisoned dart.
The poisoned dart misses you.
Your transformation is almost over.
The kobold throws a poisoned dart.
The poisoned dart closely misses you.
The kobold throws a poisoned dart.
The poisoned dart closely misses you.
The kobold throws a poisoned dart.
The poisoned dart hits you!
You are lethally poisoned!
Your transformation has ended.
* * * LOW HITPOINT WARNING * * *
You feel sick.
It was a potion of curing.
Your system partially rejects the healing.
You feel better.
The kobold throws a poisoned dart.
The poisoned dart hits you!
You are lethally poisoned!
* * * LOW HITPOINT WARNING * * *
You feel sick.
Sorry, you're not good enough to have a special ability.
Unknown command.
It was a potion of invisibility.
You fade into invisibility!
* * * LOW HITPOINT WARNING * * *
You feel sick.
You are very lightly contaminated with residual magic.
There is a lethal amount of poison in your body!
* * * LOW HITPOINT WARNING * * *
You feel sick.
* * * LOW HITPOINT WARNING * * *
You feel sick.
* * * LOW HITPOINT WARNING * * *
You feel sick.
There is a stone staircase leading up here.
You climb upwards.
You die...

.....#########.#
.......# #.#
....#..# #.#
###.)..# #.#
###..#.# #.#
.....#.# ##.##
####.#.######...##
####.#........#..#
.......######...@#
###.##.# ####.#
#.##.# #.#
###.##.#########.#
.................#
###.####..########
# #(# #†.# # #.#
#..# ###.####..#


There were no monsters in sight!

Vanquished Creatures
  An ogre (D:3)
  A centaur (D:3)
  Crazy Yiuf (D:2)
  Natasha (D:3)
  Robin (D:2)
  5 adders
  An ooze (D:3)
  2 worms
  2 leopard geckos (D:2)
  4 orcs
  7 bats
  A giant cockroach (D:1)
  12 goblins
  6 hobgoblins
  12 jackals
  7 kobolds
  A ball python (D:1)
  5 frilled lizards
  A quokka skeleton (D:3)
  6 rats
77 creatures vanquished.

Notes
Turn   | Place    | Note
-------+----------+-------------------------------------------
     0 | D:1      | wakim the Octopode Transmuter began the quest for the Orb.
     0 | D:1      | Reached XP level 1. HP: 13/13 MP: 3/3
   167 | D:1      | Reached XP level 2. HP: 11/18 MP: 5/5
   425 | D:1      | Reached XP level 3. HP: 14/23 MP: 6/6
   433 | D:1      | Learned a level 3 spell: Spider Form
  1417 | D:2      | Found a broken altar of Ashenzari.
  1690 | D:2      | Reached XP level 4. HP: 9/28 MP: 1/7
  1695 | D:2      | Gained mutation: Potions are less effective at restoring
                  | your health. [potion of mutation]
  1695 | D:2      | Gained mutation: You tend to lose your temper in combat.
                  | [potion of mutation]
  1695 | D:2      | Lost mutation: You tend to lose your temper in combat.
                  | [potion of mutation]
  2449 | D:2      | Found a runed translucent door.
  2450 | D:2      | Noticed Crazy Yiuf
  2459 | D:2      | HP: 1/28 [Crazy Yiuf/+2 quarterstaff of chaos (12)]
  2460 | D:2      | Killed Crazy Yiuf
  2461 | D:2      | Reached XP level 5. HP: 2/33 MP: 4/9
  2859 | D:3      | Noticed Robin
  2882 | D:2      | Killed Robin
  3172 | D:3      | Noticed an ogre
  3184 | D:3      | Killed an ogre
  3185 | D:3      | Reached skill level 1 in Stealth
  3185 | D:3      | Reached XP level 6. HP: 38/38 MP: 3/10
  3286 | D:3      | Noticed Natasha
  3440 | D:3      | Killed Natasha
  3500 | D:3      | HP: 1/38 [centaur (7)]
  3514 | D:3      | HP: 1/39 [poisoned by a kobold]
  3523 | D:3      | HP: 1/39 [poisoned by a kobold]
  3525 | D:2      | Succumbed to a kobold's poison

Illustrated notes

Levels and vault maps discovered:
D:1:      elethiomel_arrival_quiet, layout_basic, serial_forest,
          infiniplex_forest_lined_4_way, infiniplex_forest_split,
          infiniplex_forest_end_1, infiniplex_forest_clump_long,
          infiniplex_forest_lined_2, infiniplex_forest_straight_2,
          infiniplex_forest_clump_tiny
D:2:      layout_loops_ring, ashenzari_conservatory_becter,
          uniq_crazy_yiuf_cottage
D:3:      layout_rooms, uniq_robin, uniq_jessica, uniq_natasha, uniq_ijyb

Skill      XL: |  1  2  3  4  5  6 |
---------------+-------------------+-----
Transmutations | 3 4 |  4.0
Unarmed Combat | 4 |  4.6
Stealth        | 1 |  1.9
Dodging        | 3 |  3.1
Spellcasting   | 3 |  3.0
Fighting       | |  1.8

Action                   |  1- 3 |  4- 6 || total
-------------------------+-------+-------++-------
Melee: Unarmed           |    81 |   107 ||   188
       Constrict         |    22 |     9 ||    31
       Tentacles         |    12 |     3 ||    15
       Kick              |     5 |       ||     5
       Punch             |     2 |       ||     2
 Cast: Beastly Appendage |     2 |     1 ||     3
       Spider Form       |     2 |    14 ||    16
  Use: Scroll            |     2 |       ||     2
       Potion            |       |     5 ||     5
 Stab: Sleeping          |     5 |     3 ||     8
Armor: Skin              |     7 |     4 ||    11
Dodge: Dodged            |    64 |    87 ||   151

Table legend: (Time is in decaauts)
 A = Elapsed time spent in this place.
 B = Non-inter-level travel time spent in this place.
 C = Inter-level travel time spent in this place.
 D = Time resting spent in this place.
 E = Time spent auto-exploring this place.
 F = Levels seen in this place.
 G = Mean time per level.
                   A        B        C        D        E       F      G
               +--------+--------+--------+--------+--------+-----+--------+
         Total |   3532 |   3424 |    108 |   1551 |   1327 |   3 | 1177.3 |
       Dungeon |   3532 |   3424 |    108 |   1551 |   1327 |   3 | 1177.3 |
               +--------+--------+--------+--------+--------+-----+--------+

Top non-repeatable levels by time:
     D:2: 1746 daAuts
     D:1: 1584 daAuts
     D:3: 202 daAuts
